ESL (28 & UNDER)
KINGSTON IGUANAS @ SPRINGFIELD SIMPSONS
05/15/2027
 
TOP OF THE 1ST
Kingston Iguanas batting - Pitching for Springfield Simpsons : RHP Arthur Green
Pitching: RHP Arthur Green
Batting: RHB Jesús Villalobos 0-0: Foul Ball, location: 2F
0-1: Called Strike
0-2: Foul Ball, location: 2F
0-2: Ball
1-2: Strikes out swinging
Batting: RHB Francisco Martínez 0-0: SINGLE (Flyball, 78S)
Batting: RHB Luis Aguilar 0-0: Ball
1-0: Foul Ball, location: 2F
1-1: Grounds into double play, 6-4-3 (Groundball, 6)
Top of the 1st over - 0 run(s), 1 hit(s), 0 error(s), 0 left on base; Kingston 0 - Springfield 0
BOTTOM OF THE 1ST
Springfield Simpsons batting - Pitching for Kingston Iguanas : RHP José Ramírez
Pitching: RHP José Ramírez
Batting: LHB Raúl Morales 0-0: Ball
1-0: Fly out, F8 (Flyball, 89M)
Batting: RHB Bob Carr 0-0: Ball
1-0: Foul Ball, location: 2F
1-1: Ball
2-1: Swinging Strike
2-2: Strikes out swinging
Batting: RHB Mitsuoki Taguchi 0-0: Called Strike
0-1: Foul Ball, location: 2F
0-2: Ball
1-2: Ball
2-2: Fly out, F3 (Popup, 3D)
Bottom of the 1st over - 0 run(s), 0 hit(s), 0 error(s), 0 left on base; Kingston 0 - Springfield 0
TOP OF THE 2ND
Kingston Iguanas batting - Pitching for Springfield Simpsons : RHP Arthur Green
Batting: LHB Carlton López 0-0: Ground out U3 (Groundball, 3L)
Batting: RHB Tim Davis 0-0: Ball
1-0: Swinging Strike
1-1: Ball
2-1: Foul Ball, location: 2F
2-2: Foul Ball, location: 2F
2-2: Fly out, F9 (Flyball, 89D)
Batting: LHB Bob Greene 0-0: Foul Ball, location: 2F
0-1: Foul Ball, location: 2F
0-2: Foul Ball, location: 2F
0-2: Strikes out looking
Top of the 2nd over - 0 run(s), 0 hit(s), 0 error(s), 0 left on base; Kingston 0 - Springfield 0
BOTTOM OF THE 2ND
Springfield Simpsons batting - Pitching for Kingston Iguanas : RHP José Ramírez
Batting: LHB Jesús Raugel 0-0: Ball
1-0: Called Strike
1-1: Swinging Strike
1-2: Fly out, F9 (Flyball, 9)
Batting: LHB Todd Anderson 0-0: Called Strike
0-1: Ball
1-1: SOLO HOME RUN (Flyball, 9D), Distance : 362 ft
Batting: RHB Jorge Collazo 0-0: Called Strike
0-1: Called Strike
0-2: Ball
1-2: Strikes out swinging
Batting: RHB Leon Heath 0-0: Called Strike
0-1: Ball
1-1: Called Strike
1-2: Ball
2-2: Fly out, F8 (Flyball, 8LS)
Bottom of the 2nd over - 1 run(s), 1 hit(s), 0 error(s), 0 left on base; Kingston 0 - Springfield 1
TOP OF THE 3RD
Kingston Iguanas batting - Pitching for Springfield Simpsons : RHP Arthur Green
Batting: LHB Mike Godfrey 0-0: Foul Ball, location: 2F
0-1: Foul Ball, location: 2F
0-2: Ball
1-2: Ball
2-2: Ground out 4-3 (Groundball, 4)
Batting: RHB Ken MacDonald 0-0: Called Strike
0-1: Foul Ball, location: 2F
0-2: Ball
1-2: Foul Ball, location: 2F
1-2: Ball
2-2: Foul Ball, location: 2F
2-2: Ball
3-2: Foul Ball, location: 2F
3-2: Base on Balls
Batting: LHB Will Holt 0-0: Ball
1-0: Ball
2-0: Grounds into double play, 4-6-3 (Groundball, 4)
Top of the 3rd over - 0 run(s), 0 hit(s), 0 error(s), 0 left on base; Kingston 0 - Springfield 1
BOTTOM OF THE 3RD
Springfield Simpsons batting - Pitching for Kingston Iguanas : RHP José Ramírez
Batting: LHB Bruce Foster 0-0: Foul Ball, location: 2F
0-1: Ball
1-1: Foul Ball, location: 2F
1-2: Ball
2-2: Ball
3-2: Base on Balls
Batting: RHB Roberto Solís 0-0: Ball
1-0: Ball
2-0: Grounds into double play, 4-6-3 (Groundball, 4)
Batting: LHB Raúl Morales 0-0: DOUBLE (Line Drive, 9LM)
Batting: RHB Bob Carr 0-0: Called Strike
0-1: SINGLE (Groundball, 6MD)
Raúl Morales to third
Runner from 3rd tries for Home, SAFE, no throw
Batting: RHB Mitsuoki Taguchi 0-0: Ball
Bob Carr is caught stealing 2nd base
Bottom of the 3rd over - 1 run(s), 2 hit(s), 0 error(s), 0 left on base; Kingston 0 - Springfield 2
TOP OF THE 4TH
Kingston Iguanas batting - Pitching for Springfield Simpsons : RHP Arthur Green
Batting: RHB Jesús Villalobos 0-0: Ball
1-0: Swinging Strike
1-1: Swinging Strike
1-2: Foul Ball, location: 2F
1-2: Strikes out swinging
Batting: RHB Francisco Martínez 0-0: Ball
1-0: Ground out 4-3 (Groundball, 4)
Batting: RHB Luis Aguilar 0-0: Ball
1-0: Called Strike
1-1: Ball
2-1: Called Strike
2-2: Fly out, F9 (Flyball, 89S)
Top of the 4th over - 0 run(s), 0 hit(s), 0 error(s), 0 left on base; Kingston 0 - Springfield 2
BOTTOM OF THE 4TH
Springfield Simpsons batting - Pitching for Kingston Iguanas : RHP José Ramírez
Batting: RHB Mitsuoki Taguchi 0-0: Called Strike
0-1: Ball
1-1: Ground out 6-3 (Groundball, 6)
Batting: LHB Jesús Raugel 0-0: Ball
1-0: Foul Ball, location: 2F
1-1: Foul Ball, location: 2F
1-2: Ball
2-2: Foul Ball, location: 2F
2-2: Strikes out swinging
Batting: LHB Todd Anderson 0-0: SINGLE (Groundball, 4D)
Batting: RHB Jorge Collazo 0-0: Ground out 4-3 (Groundball, 4MS)
Bottom of the 4th over - 0 run(s), 1 hit(s), 0 error(s), 1 left on base; Kingston 0 - Springfield 2
TOP OF THE 5TH
Kingston Iguanas batting - Pitching for Springfield Simpsons : RHP Arthur Green
Batting: LHB Carlton López 0-0: Ground out U3 (Groundball, 34)
Batting: RHB Tim Davis 0-0: Called Strike
0-1: Called Strike
0-2: Strikes out swinging
Batting: LHB Bob Greene 0-0: Foul Ball, location: 2F
0-1: Ball
1-1: Foul Ball, location: 2F
1-2: Strikes out swinging
Top of the 5th over - 0 run(s), 0 hit(s), 0 error(s), 0 left on base; Kingston 0 - Springfield 2
BOTTOM OF THE 5TH
Springfield Simpsons batting - Pitching for Kingston Iguanas : RHP José Ramírez
Batting: RHB Leon Heath 0-0: Ball
1-0: Ground out 6-3 (Groundball, 6S)
Batting: LHB Bruce Foster 0-0: Ball
1-0: Ball
2-0: Ball
3-0: Swinging Strike
3-1: Base on Balls
Batting: RHB Roberto Solís 0-0: Foul Ball, location: 2F
0-1: Called Strike
0-2: Ball
1-2: Strikes out swinging
Batting: LHB Raúl Morales 0-0: Ball
1-0: Ball
2-0: Ball
3-0: Base on Balls
Bruce Foster to second
Batting: RHB Bob Carr 0-0: Ball
1-0: Swinging Strike
1-1: Fly out, F6 (Line Drive, 6)
Bottom of the 5th over - 0 run(s), 0 hit(s), 0 error(s), 2 left on base; Kingston 0 - Springfield 2
TOP OF THE 6TH
Kingston Iguanas batting - Pitching for Springfield Simpsons : RHP Arthur Green
Batting: LHB Mike Godfrey 0-0: Ball
1-0: Ball
2-0: Ball
3-0: Called Strike
3-1: Base on Balls
Batting: RHB Ken MacDonald 0-0: Foul Ball, location: 2F
0-1: Called Strike
0-2: Ball
1-2: Strikes out swinging
Batting: LHB Will Holt 0-0: Ball
1-0: Foul Ball, location: 2F
1-1: Ball
2-1: Fly out, F7 (Flyball, 7LSF)
Batting: RHB Jesús Villalobos 0-0: Ball
1-0: Swinging Strike
1-1: Foul Ball, location: 2F
1-2: Strikes out swinging
Top of the 6th over - 0 run(s), 0 hit(s), 0 error(s), 1 left on base; Kingston 0 - Springfield 2
BOTTOM OF THE 6TH
Springfield Simpsons batting - Pitching for Kingston Iguanas : RHP José Ramírez
Batting: RHB Mitsuoki Taguchi 0-0: Ball
1-0: Ground out 6-3 (Groundball, 56)
Batting: LHB Jesús Raugel 0-0: Ball
1-0: Ball
2-0: Ground out 4-3 (Groundball, 4)
Batting: LHB Todd Anderson 0-0: Called Strike
0-1: Foul Ball, location: 2F
0-2: Foul Ball, location: 2F
0-2: Foul Ball, location: 2F
0-2: Foul Ball, location: 2F
0-2: Ball
1-2: Strikes out swinging
Bottom of the 6th over - 0 run(s), 0 hit(s), 0 error(s), 0 left on base; Kingston 0 - Springfield 2
TOP OF THE 7TH
Kingston Iguanas batting - Pitching for Springfield Simpsons : RHP Arthur Green
Batting: RHB Francisco Martínez 0-0: Called Strike
0-1: Ball
1-1: Foul Ball, location: 2F
1-2: Strikes out swinging
Batting: RHB Luis Aguilar 0-0: Ball
1-0: Called Strike
1-1: Foul Ball, location: 2F
1-2: Ball
2-2: Foul Ball, location: 2F
2-2: Ball
3-2: Ground out 6-3 (Groundball, 6)
Batting: LHB Carlton López 0-0: Called Strike
0-1: Called Strike
0-2: Ball
1-2: Fly out, F2 (Popup, P)
Top of the 7th over - 0 run(s), 0 hit(s), 0 error(s), 0 left on base; Kingston 0 - Springfield 2
BOTTOM OF THE 7TH
Springfield Simpsons batting - Pitching for Kingston Iguanas : RHP José Ramírez
Batting: RHB Jorge Collazo 0-0: Called Strike
0-1: Ball
1-1: Foul Ball, location: 2F
1-2: Strikes out swinging
Batting: RHB Leon Heath 0-0: Called Strike
0-1: Called Strike
0-2: Ball
1-2: Strikes out looking
Batting: LHB Bruce Foster 0-0: Ground out 4-3 (Groundball, 34)
Bottom of the 7th over - 0 run(s), 0 hit(s), 0 error(s), 0 left on base; Kingston 0 - Springfield 2
TOP OF THE 8TH
Kingston Iguanas batting - Pitching for Springfield Simpsons : RHP Arthur Green
Batting: RHB Tim Davis 0-0: Called Strike
0-1: Swinging Strike
0-2: Foul Ball, location: 2F
0-2: Strikes out looking
Batting: LHB Bob Greene 0-0: Ball
1-0: Ball
2-0: Ball
3-0: Called Strike
3-1: Base on Balls
Pitching: RHP David Nanod
Batting: LHB Mike Godfrey 0-0: Ball
1-0: Foul Ball, location: 2F
1-1: Foul Ball, location: 2F
1-2: Ball
2-2: Strikes out looking
Batting: RHB Ken MacDonald 0-0: Ball
1-0: Called Strike
1-1: Called Strike
1-2: Ball
2-2: Strikes out swinging
Top of the 8th over - 0 run(s), 0 hit(s), 0 error(s), 1 left on base; Kingston 0 - Springfield 2
BOTTOM OF THE 8TH
Springfield Simpsons batting - Pitching for Kingston Iguanas : RHP José Ramírez
Batting: RHB Roberto Solís 0-0: Called Strike
0-1: SINGLE (Flyball, 89S)
Batting: LHB Raúl Morales 0-0: Bunted foul
0-1: Bunted foul
0-2: Grounds into double play, 3-6-3 (Groundball, 34)
Batting: RHB Bob Carr 0-0: Ball
1-0: Ground out 5-3 (Groundball, 56)
Bottom of the 8th over - 0 run(s), 1 hit(s), 0 error(s), 0 left on base; Kingston 0 - Springfield 2
TOP OF THE 9TH
Kingston Iguanas batting - Pitching for Springfield Simpsons : RHP David Nanod
Pitching: RHP Sixto Santiago
Batting: LHB Will Holt 0-0: Ball
1-0: Called Strike
1-1: Ball
2-1: Ball
3-1: Base on Balls
Pinch Hitting: LHB Poto Vasilini 0-0: Swinging Strike
0-1: Ball
1-1: Called Strike
1-2: Strikes out swinging
Pinch Hitting: LHB Billy Anderson 0-0: Foul Ball, location: 2F
0-1: Ball
1-1: Swinging Strike
1-2: Ball
2-2: Foul Ball, location: 2F
2-2: Ball
3-2: 2-RUN HOME RUN (Flyball, 8LXD), Distance : 412 ft
Pitching: LHP Justin Short
Batting: RHB Luis Aguilar 0-0: Ball
1-0: Ball
2-0: Ground out 6-3 (Groundball, 6)
Pinch Hitting: RHB Diego Francisco 0-0: Ball
1-0: Fly out, F8 (Flyball, 8RXD)
Top of the 9th over - 2 run(s), 1 hit(s), 0 error(s), 0 left on base; Kingston 2 - Springfield 2
BOTTOM OF THE 9TH
Springfield Simpsons batting - Pitching for Kingston Iguanas : RHP José Ramírez
Pitching: RHP Jesús Gonzáles
Now at C: Diego Francisco
Now at SS: Bill Crawley
Now in LF: Billy Anderson
Batting: RHB Mitsuoki Taguchi 0-0: Swinging Strike
0-1: Foul Ball, location: 2F
0-2: Strikes out swinging
Batting: LHB Jesús Raugel 0-0: Ground out U3 (Groundball, 34S)
Batting: LHB Todd Anderson 0-0: Called Strike
0-1: Foul Ball, location: 2F
0-2: Ball
1-2: Strikes out swinging
Bottom of the 9th over - 0 run(s), 0 hit(s), 0 error(s), 0 left on base; Kingston 2 - Springfield 2
TOP OF THE 10TH
Kingston Iguanas batting - Pitching for Springfield Simpsons : LHP Justin Short
Batting: RHB Tim Davis 0-0: Foul Ball, location: 2F
0-1: Fly out, F8 (Flyball, 8LS)
Pinch Hitting: RHB Bobby Armstrong 0-0: Called Strike
0-1: Called Strike
0-2: Fly out, F7 (Flyball, 7)
Batting: LHB Mike Godfrey 0-0: Called Strike
0-1: Ball
1-1: Ball
2-1: SOLO HOME RUN (Flyball, 78XD), Distance : 382 ft
Batting: RHB Ken MacDonald 0-0: Ball
1-0: Ball
2-0: Ball
3-0: Base on Balls
Pinch Hitting: SHB Yasuhiro Ikarashi 0-0: Ball
1-0: Called Strike
1-1: Ball
2-1: Ball
Ken MacDonald steals 2nd base
3-1: Ground out 6-3 (Groundball, 6)
Top of the 10th over - 1 run(s), 1 hit(s), 0 error(s), 1 left on base; Kingston 3 - Springfield 2
BOTTOM OF THE 10TH
Springfield Simpsons batting - Pitching for Kingston Iguanas : RHP Jesús Gonzáles
Now at 3B: Bobby Armstrong
Now in RF: Yasuhiro Ikarashi
Pinch Hitting: RHB Manny Ramírez 0-0: SOLO HOME RUN (Line Drive, 78XD), Distance : 378 ft
Pinch Hitting: RHB Esteban Salas 0-0: Foul Ball, location: 2F
0-1: Swinging Strike
0-2: Ball
1-2: Ball
2-2: Fly out, F9 (Flyball, 89M)
Batting: LHB Bruce Foster 0-0: Foul Ball, location: 2F
0-1: Foul Ball, location: 2F
0-2: Ball
1-2: Ball
2-2: Foul Ball, location: 2F
2-2: Foul Ball, location: 2F
2-2: SINGLE (Line Drive, 4MD)
Pinch Hitting: RHB Gabriel Stout 0-0: Fly out, F6 (Line Drive, 6MD)
Batting: LHB Raúl Morales 0-0: Foul Ball, location: 2F
0-1: Foul Ball, location: 2F
0-2: Foul Ball, location: 2F
0-2: Ball
1-2: Ball
Bruce Foster steals 2nd base
2-2: Foul Ball, location: 2F
2-2: Strikes out looking
Bottom of the 10th over - 1 run(s), 2 hit(s), 0 error(s), 1 left on base; Kingston 3 - Springfield 3
TOP OF THE 11TH
Kingston Iguanas batting - Pitching for Springfield Simpsons : LHP Justin Short
Now at C: Kawanari Hara
Now at SS: Esteban Salas
Now in CF: Manny Ramírez
Pinch Hitting: RHB Matt Rodríguez 0-0: Called Strike
0-1: Ball
1-1: Foul Ball, location: 2F
1-2: Strikes out looking
Batting: LHB Billy Anderson 0-0: Ball
1-0: Ball
2-0: Ball
3-0: Called Strike
3-1: Foul Ball, location: 2F
3-2: Strikes out swinging
Batting: RHB Luis Aguilar 0-0: Called Strike
0-1: Ball
1-1: Ball
2-1: SINGLE (Line Drive, 9S)
Batting: RHB Diego Francisco 0-0: Ball
1-0: Called Strike
1-1: Swinging Strike
1-2: Ball
2-2: Ball
3-2: Foul Ball, location: 2F
3-2: DOUBLE (Groundball, 5L)
Luis Aguilar to third
Luis Aguilar scores
Pitching: RHP Cristián Torres
Batting: RHB Tim Davis 0-0: Called Strike
0-1: Foul Ball, location: 2F
0-2: Ball
1-2: Foul Ball, location: 2F
1-2: Ball
2-2: Strikes out swinging
Top of the 11th over - 1 run(s), 2 hit(s), 0 error(s), 1 left on base; Kingston 4 - Springfield 3
BOTTOM OF THE 11TH
Springfield Simpsons batting - Pitching for Kingston Iguanas : RHP Jesús Gonzáles
Pitching: RHP Guo-fang Juan
Now at 2B: Matt Rodríguez
Batting: RHB Bob Carr 0-0: Called Strike
0-1: Ground out 5-3 (Groundball, 56S)
Batting: RHB Mitsuoki Taguchi 0-0: Ball
1-0: Swinging Strike
1-1: Called Strike
1-2: Ground out 6-3 (Groundball, 6)
Batting: LHB Jesús Raugel 0-0: Called Strike
0-1: Ball
1-1: Foul Ball, location: 2F
1-2: Strikes out swinging
Bottom of the 11th over - 0 run(s), 0 hit(s), 0 error(s), 0 left on base; Kingston 4 - Springfield 3
Thursday, March 30th, 2017 - OOTP Baseball 17.12 Build 75